[Event "Late-Titled-Tuesday-Blitz-January-16-2024"]
[Site "Chess.com"]
[Date "2024.01.16"]
[Round "4"]
[White "ToddBryant"]
[Black "Maxfan2008"]
[Result "0-1"]
[WhiteElo "2309"]
[BlackElo "2506"]
[TimeControl "180+1"]
[EndTime "14:36:08 PST"]
[Termination "Maxfan2008 won on time"]

1. e4 c5 2. Nf3 d6 3. d4 cxd4 4.
Nxd4 Nf6 5. Nc3 a6 6. Bg5 e6 7. f4 Be7 8. Qf3 Qc7 9. O-O-O Nbd7 10.
g4 b5 11. Bxf6 Nxf6 12. g5 Nd7 13. f5 O-O 14. Qh5 b4 15. Rd3 bxc3 16. bxc3 exf5 17. Rh3 h6 18. Nxf5 Ne5 19. gxh6 g6 20. h7+ Kh8 21.
Qh6 gxf5 22. Rg1 Ng4 23. Qh5 Qc5 24. Rhg3 Qe5 25. Be2 Qf4+ 26. Kb1 Be6 27. h3 Rab8+ 28. Ka1 Qd2 29. hxg4 Qxc2 0-1

[Event "Late-Titled-Tuesday-Blitz-January-16-2024"]
[Site "Chess.com"]
[Date "2024.01.16"]
[Round "4"]
[White "shrek4life02"]
[Black "LUISMIGUELOV"]
[Result "1-0"]
[WhiteElo "2641"]
[BlackElo "2177"]
[TimeControl "180+1"]
[EndTime "14:36:10 PST"]
[Termination "shrek4life02 won by resignation"]

1. d4 d5 2. c4 c6 3. Nf3 Nf6 4. Nc3 dxc4 5. e3 Bg4 6. Bxc4 e6 7. h3 Bxf3 8. Qxf3 Nbd7 9. O-O Bd6 10. e4 e5 11. d5 cxd5 12. Nxd5 Nxd5 13. Bxd5 O-O 14. Be3 Bc5 15. Rfd1 Bxe3 16. Qxe3 Qb6 17. Qxb6 Nxb6 18. Bxb7 Rab8 19. Ba6 Na4 20. b3 Nc5 21. Bd3 Rb4 22. f3 Rd8 23. Bc4 Rd4 24. Rxd4 exd4 25. Rd1 a5 26. Rxd4 Kf8 27. Rd5 Ne6 28. Rxa5 Nd4 29.
Ra8+ Ke7 30. Ra7+ Kf6 31. Rxf7+ Ke5 32. Rxg7 h5 33. Rh7 Kf4 34. Rxh5 Nxf3+ 35. gxf3 Kxf3 36. e5 Rb8 37. Rf5+ Ke4 38. Rf2 Kxe5 39. Kh2 Kd4 40. h4 Ke3 41. Rf7 Rb6 42. Kh3 Rg6 43. h5 Rg1 44. Kh4 Rh1+ 45. Kg5 Rg1+ 46. Kh6 Ke4 47. Kh7 Ke5 48. h6 Kd6 49. Kh8 Ke5 50. h7 Kd6 51. a4 1-0

[Event "Late-Titled-Tuesday-Blitz-January-16-2024"]
[Site "Chess.com"]
[Date "2024.01.16"]
[Round "4"]
[White "GMJustin"]
[Black "OYAcosta"]
[Result "1-0"]
[WhiteElo "2338"]
[BlackElo "2123"]
[TimeControl "180+1"]
[EndTime "14:36:11 PST"]
[Termination "GMJustin won by resignation"]

1. e4 c6 2. d4 d5 3. Nc3 dxe4 4. Nxe4 Nd7 5. Nf3 Ngf6 6. Nxf6+ Nxf6 7. Be2 Bg4 8. O-O e6 9. h3 Bh5 10. g4 Bg6 11. Ne5 Bd6 12. h4 h6 13. Nxg6 fxg6 14. Qd3 O-O 15. Qxg6 Nd5 16. Bxh6 Qe7 17. Bd3 Rf6 18.
Qh7+ Kf7 19. Qxg7+ Ke8 20. g5 Rf7 21. Bg6 1-0

[Event "Late-Titled-Tuesday-Blitz-January-16-2024"]
[Site "Chess.com"]
[Date "2024.01.16"]
[Round "4"]
[White "masnyszachistaaa"]
[Black "momotaro77"]
[Result "0-1"]
[WhiteElo "2511"]
[BlackElo "2387"]
[TimeControl "180+1"]
[EndTime "14:36:15 PST"]
[Termination "momotaro77 won by resignation"]

1. c4 e5 2. Nc3 Nc6 3. Nf3 g6 4. d4 exd4 5. Nxd4 Bg7 6. Nxc6 bxc6 7. g3 Ne7 8. Bg2 O-O 9. O-O Rb8 10. Qc2 d6 11. Rd1 c5 12. Bg5 Bf5 13. e4 Be6 14. b3 h6 15. Be3 Nc6 16. Bxc5 Qf6 17. Nd5 Bxd5 18. cxd5 dxc5 19. dxc6 Qxa1 20. Rxa1 Bxa1 21.
Qxc5 Rbd8 22. Bf3 Rd2 23. Qc1 Rxa2 24. Qb1 Ra3 25. Kg2 Rd8 26. Qc1 Ra2 27. Kh3 Rdd2 28. Kg4 h5+ 29. Kf4 Rxf2 30. Ke3 Bf6 31. e5 Bg5+ 0-1

[Event "Late-Titled-Tuesday-Blitz-January-16-2024"]
[Site "Chess.com"]
[Date "2024.01.16"]
[Round "4"]
[White "LevonAronian"]
[Black "Sanyura"]
[Result "1-0"]
[WhiteElo "3092"]
[BlackElo "2638"]
[TimeControl "180+1"]
[EndTime "14:36:16 PST"]
[Termination "LevonAronian won by resignation"]

1. e4 c5 2. Nf3 e6 3. c3 d5 4.
e5 d4 5. Na3 Ne7 6. Bd3 Nbc6 7.
O-O Bd7 8. Re1 a6 9. Nc4 Nd5 10. Be4 b5 11. Nd6+ Bxd6 12. exd6 O-O 13. d3 h6 14. cxd4 cxd4 15. Bxd5 exd5 16. Bf4 Qf6 17. Qd2 Rfe8 18. Rac1 Rxe1+ 19. Rxe1 Bg4 20. Ne5 Re8 21. Nxg4 Rxe1+ 22. Qxe1 Qxf4 23. Qe8+ Kh7 24. Qxc6 Qxg4 25. h3 Qe6 26. g3 h5 27. Qc7 h4 28. Qe7 Qf5 29.
Qxh4+ Kg8 30. Qe7 1-0

[Event "Late-Titled-Tuesday-Blitz-January-16-2024"]
[Site "Chess.com"]
[Date "2024.01.16"]
[Round "4"]
[White "Smile2005"]
[Black "dorpato"]
[Result "1-0"]
[WhiteElo "2342"]
[BlackElo "2134"]
[TimeControl "180+1"]
[EndTime "14:36:16 PST"]
[Termination "Smile2005 won by resignation"]

1. e4 c5 2. Nf3 d6 3. d4 cxd4 4. Nxd4 Nf6 5. f3 e5 6. Nb3 Be7 7. c4 Be6 8. Nc3 Nc6 9. Be3 h5 10. Rc1 O-O 11. Be2 a6 12. Qd2 Qd7 13. Nd5 Bd8 14. O-O Bxd5 15. cxd5 Ne7 16. Rc2 Ng6 17. Rfc1 h4 18. Bf1 Nh5 19. Na5 Nhf4 20. Qb4 b5 21. Nc6 h3 22. g3 Ne6 23. a4 Nc5 24. axb5 axb5 25. Bxb5 Nxe4 26. fxe4 Qg4 27. Be2 Qd7 28. Qc4 f5 29. exf5 Rxf5 30. Bg4 Rf1+ 31. Rxf1 1-0

[Event "Late-Titled-Tuesday-Blitz-January-16-2024"]
[Site "Chess.com"]
[Date "2024.01.16"]
[Round "4"]
[White "enestnrvrd"]
[Black "The_Straightforward_Rook"]
[Result "1-0"]
[WhiteElo "2681"]
[BlackElo "2472"]
[TimeControl "180+1"]
[EndTime "14:36:20 PST"]
[Termination "enestnrvrd won by resignation"]

1. Nf3 d5 2. c4 c6 3. d4 Nf6 4. Nc3 e6 5. Bg5 h6 6. Bxf6 Qxf6 7. g3 Nd7 8. Bg2 dxc4 9. O-O Bb4 10. e3 O-O 11. Nd2 Nb6 12. Qe2 e5 13. Nde4 Qe7 14. Rad1 Bf5 15. d5 Bxc3 16. d6 Qd8 17. bxc3 Bxe4 18. Bxe4 f5 19. Bc2 Rf6 20. a4 e4 21.
a5 Nd5 22. Qxc4 Rxd6 23. a6 b6 24. Qd4 Qf6 25. c4 Qxd4 26. Rxd4 Rad8 27. cxd5 Rxd5 28. Bb3 1-0

[Event "Late-Titled-Tuesday-Blitz-January-16-2024"]
[Site "Chess.com"]
[Date "2024.01.16"]
[Round "4"]
[White "DenizG123"]
[Black "Eloist"]
[Result "1-0"]
[WhiteElo "2114"]
[BlackElo "2424"]
[TimeControl "180+1"]
[EndTime "14:36:27 PST"]
[Termination "DenizG123 won by resignation"]

1. e4 e6 2. d4 d5 3. Nd2 Nf6 4. e5 Nfd7 5. f4 c5 6. c3 Nc6 7. Ndf3 Qb6 8. g3 cxd4 9. cxd4 Bb4+ 10. Kf2 f6 11. Kg2 O-O 12. Bd3 fxe5 13. fxe5 Ndxe5 14. dxe5 Nxe5 15. Nxe5 Qf2+ 16. Kh3 Bd6 17. Ngf3 Rxf3 18. Qxf3 Qxf3 19. Nxf3 e5+ 20. Kg2 e4 21. Be2 exf3+ 22. Bxf3 Be6 23. Rd1 Rc8 24. Bxd5 Rc2+ 25. Kh1 Kf7 26.
Bg5 Bxd5+ 27. Rxd5 1-0

[Event "Late-Titled-Tuesday-Blitz-January-16-2024"]
[Site "Chess.com"]
[Date "2024.01.16"]
[Round "4"]
[White "Zampronha1971"]
[Black "ZuraTqebuchava"]
[Result "1-0"]
[WhiteElo "2322"]
[BlackElo "2132"]
[TimeControl "180+1"]
[EndTime "14:36:28 PST"]
[Termination "Zampronha1971 won on time"]

1. e4 e5 2. Nf3 Nc6 3. d4 d6 4.
Bb5 exd4 5. Nxd4 Bd7 6. O-O Nxd4 7. Bxd7+ Qxd7 8. Qxd4 Nf6 9. Nc3 Be7 10. Re1 O-O 11.
Bg5 h6 12. Bh4 c6 13. e5 Nd5 14. Bxe7 Qxe7 15. Nxd5 cxd5 16. Qxd5 dxe5 17. Rxe5 Qb4 18.
Qb3 Qf4 19. Rae1 Rad8 20. Re7 Rd2 21. Rf1 Rfd8 22. g3 Qf5 23. Rxb7 Qh3 24. Rb8 Rxb8 25.
Qxb8+ Kh7 26. Qxa7 Qf5 27. Rc1 h5 28. h4 g5 29. Qe3 Rxc2 30. Rxc2 Qxc2 31. Qxg5 Qd1+ 32. Kg2 1-0

[Event "Late-Titled-Tuesday-Blitz-January-16-2024"]
[Site "Chess.com"]
[Date "2024.01.16"]
[Round "4"]
[White "vladislavkovalev"]
[Black "koncheto"]
[Result "1-0"]
[WhiteElo "2840"]
[BlackElo "2584"]
[TimeControl "180+1"]
[EndTime "14:36:30 PST"]
[Termination "vladislavkovalev won by resignation"]

1. e4 c5 2. Nf3 d6 3. Bb5+ Nc6 4. O-O Bd7 5. Re1 a6 6. Bxc6 Bxc6 7. d4 cxd4 8. Nxd4 Rc8 9. c4 g6 10. Nc3 Bg7 11.
Be3 Nf6 12. f3 O-O 13. Qd2 Nd7 14. Rad1 Nc5 15. b3 Ne6 16. Nxe6 fxe6 17. Bh6 b5 18.
Bxg7 Kxg7 19. cxb5 axb5 20. Ne2 Qb6+ 21. Kh1 e5 22.
Qg5 Rf6 23. Ng3 h6 24. Nh5+ Kf7 25. Qg4 gxh5 26. Qxc8 Rg6 27. Rd2 Bb7 28. Qf5+ Kg7 29.
Qxh5 Bc8 30. Qh4 Rf6 31. Qf2 Qa5 32. Rc1 Be6 33. Rdc2 Rg6 34. Rc7 Kf7 35. h3 Qa8 36. Qa7 Qe8 37. Rxe7+ Qxe7 38. Rc7 1-0

[Event "Late-Titled-Tuesday-Blitz-January-16-2024"]
[Site "Chess.com"]
[Date "2024.01.16"]
[Round "4"]
[White "mortngabriel"]
[Black "Walter_White_Poland"]
[Result "1-0"]
[WhiteElo "2526"]
[BlackElo "2339"]
[TimeControl "180+1"]
[EndTime "14:36:30 PST"]
[Termination "mortngabriel won on time"]

1. e4 Nf6 2. e5 Nd5 3. c4 Nb6 4.
c5 Nd5 5. Nc3 e6 6. Bc4 Nxc3 7.
dxc3 Bxc5 8. Qg4 Kf8 9. h4 d5 10.
Bd3 Nc6 11. Nf3 d4 12. Be4 dxc3 13. bxc3 f5 14. exf6 Qxf6 15. O-O e5 16. Qg3 Bf5 17. Bg5 Qe6 18. Rfe1 Re8 19. Bxc6 Qxc6 20. Nxe5 Qe6 21.
Nd3 Qd6 22. Nxc5 Qxc5 23. Rxe8+ Kxe8 24. Re1+ Kf7 25. Re5 1-0

[Event "Late-Titled-Tuesday-Blitz-January-16-2024"]
[Site "Chess.com"]
[Date "2024.01.16"]
[Round "4"]
[White "AkatsukiLogHorizon"]
[Black "Practical-Play"]
[Result "0-1"]
[WhiteElo "2275"]
[BlackElo "2493"]
[TimeControl "180+1"]
[EndTime "14:36:30 PST"]
[Termination "Practical-Play won by resignation"]

1. e4 Nc6 2. d4 d5 3. e5 Bf5 4. f4 e6 5. Nf3 Bg4 6. Be3 Nh6 7.
Bd3 Nf5 8. Bxf5 Bxf5 9. c3 a5 10. Nbd2 h5 11. O-O h4 12. Bf2 Be7 13. Qe1 Bd3 14.
h3 a4 15. Qe3 Bxf1 16. Rxf1 Qd7 17. Qe1 Qd8 18. Qe2 g6 19. Qb5 Qd7 20. Qxb7 Rb8 21. Qa6 Rxb2 22. Qxa4 O-O 23. Nb3 Nxe5 24. Qxd7 Nxd7 25.
Bxh4 Bxh4 26. Nxh4 Rxa2 27. Rf2 Rxf2 28. Kxf2 Rb8 29. Nd2 c5 30. Ke3 Rb2 31. Nhf3 cxd4+ 32. cxd4 Nb6 33. Kd3 Nc4 34. Nxc4 dxc4+ 35. Kxc4 Rxg2 36.
Ne5 Rf2 37. Nd3 Rf3 38. h4 Rh3 39. Ne5 Rxh4 0-1

[Event "Late-Titled-Tuesday-Blitz-January-16-2024"]
[Site "Chess.com"]
[Date "2024.01.16"]
[Round "4"]
[White "dretch"]
[Black "biostatistician"]
[Result "1-0"]
[WhiteElo "2795"]
[BlackElo "2570"]
[TimeControl "180+1"]
[EndTime "14:36:32 PST"]
[Termination "dretch won on time"]

1. d4 Nf6 2. c4 g6 3. Nc3 Bg7 4. e4 d6 5. Nf3 O-O 6. h3 c5 7. d5 e6 8. Bd3 exd5 9. cxd5 a6 10. a4 Nbd7 11. O-O Nh5 12. Re1 Re8 13. Be2 Rb8 14. Be3 Qe7 15. Nd2 Nhf6 16. Qc2 Qf8 17. a5 Bh6 18. Bxh6 Qxh6 19. Nc4 Qf8 20. Qd2 Ne5 21. Nxe5 Rxe5 22. Bc4 Re8 23. f4 Qh6 24. Qf2 Nh5 25.
Rf1 Bd7 26. e5 Qf8 27. Rae1 f5 28. e6 Bc8 29. g4 Ng7 30. Na4 Qf6 31. Nb6 Re7 32.
Bb3 Ne8 33. Ba4 Kh8 34. Bd7 Bxd7 35. Nxd7 Rd8 36. Nxf6 1-0

[Event "Late-Titled-Tuesday-Blitz-January-16-2024"]
[Site "Chess.com"]
[Date "2024.01.16"]
[Round "4"]
[White "SHIVACalypso"]
[Black "Mr_November18"]
[Result "1-0"]
[WhiteElo "2440"]
[BlackElo "2057"]
[TimeControl "180+1"]
[EndTime "14:36:32 PST"]
[Termination "SHIVACalypso won by resignation"]

1. Nf3 c5 2. c4 Nc6 3. g3 e6 4. Bg2 a6 5. O-O Nf6 6. Nc3 Be7 7. d4 cxd4 8. Nxd4 Nxd4 9. Qxd4 O-O 10. Bf4 d5 11. cxd5 exd5 12. Rfd1 Be6 13. Nxd5 Nxd5 14.
Bxd5 Bxd5 15. Qxd5 Qb6 16. Be5 Rfd8 17. Qf3 Qb5 18. Bc3 Bb4 19. Bxb4 Qxb4 20. b3 Qa3 21. Qxb7 Re8 22. e3 h6 23. Rd2 Rab8 24. Qd5 Rbd8 25. Qxd8 Rxd8 26. Rxd8+ Kh7 27. Rd2 a5 28. Rad1 a4 29.
bxa4 Qxa4 30. Rc1 Qa3 31. Rc7 Kg6 32. Rdd7 Qxa2 33. Rxf7 Qb1+ 34. Kg2 Qe4+ 35. f3 Qxe3 36. Rxg7+ Kh5 37. Kh3 1-0

[Event "Late-Titled-Tuesday-Blitz-January-16-2024"]
[Site "Chess.com"]
[Date "2024.01.16"]
[Round "4"]
[White "AlexLongson"]
[Black "Malev212"]
[Result "0-1"]
[WhiteElo "2361"]
[BlackElo "2647"]
[TimeControl "180+1"]
[EndTime "14:36:33 PST"]
[Termination "Malev212 won by resignation"]

1. e4 g6 2. d4 Bg7 3. Nf3 d6 4. Bc4 Nf6 5. Qe2 Nc6 6. c3 O-O 7. O-O Bg4 8. Nbd2 e5 9. d5 Ne7 10. h3 Bd7 11. Bd3 Nh5 12. Bc2 Nf4 13. Qe1 c6 14. c4 cxd5 15. exd5 b5 16. Ne4 bxc4 17. Nxd6 Bxh3 18. Nxe5 Nxg2 19. Qc3 Qxd6 20. Qxh3 Qxe5 21. Qxg2 Nxd5 22. Qe4 Qxe4 23. Bxe4 Rad8 24. Rb1 Nb4 25. Bg5 Rd4 26. Rfe1 Nd3 27. Re2 f5 28. Bc6 Rg4+ 29. Kf1 Rxg5 0-1

[Event "Late-Titled-Tuesday-Blitz-January-16-2024"]
[Site "Chess.com"]
[Date "2024.01.16"]
[Round "4"]
[White "RaugintaBulba"]
[Black "KSho99"]
[Result "1-0"]
[WhiteElo "2446"]
[BlackElo "2163"]
[TimeControl "180+1"]
[EndTime "14:36:34 PST"]
[Termination "RaugintaBulba won by resignation"]

1. d4 e6 2. c4 f5 3. Nf3 Nf6 4.
g3 d5 5. Bg2 Be7 6. O-O Ne4 7.
Nbd2 Nc6 8. a3 h5 9. b4 Bf6 10.
Bb2 h4 11. b5 Ne7 12. Ne5 hxg3 13. hxg3 Bxe5 14. dxe5 Ng6 15. cxd5 exd5 16. Nf3 Be6 17.
Rc1 f4 18. Nd4 fxg3 19. Nxe6 Qh4 20. Nxg7+ Kf8 21. fxg3+ Kxg7 22. gxh4 1-0

[Event "Late-Titled-Tuesday-Blitz-January-16-2024"]
[Site "Chess.com"]
[Date "2024.01.16"]
[Round "4"]
[White "Javylavilla"]
[Black "2346PL"]
[Result "1/2-1/2"]
[WhiteElo "2351"]
[BlackElo "2520"]
[TimeControl "180+1"]
[EndTime "14:36:38 PST"]
[Termination "Game drawn by repetition"]

1. e4 c5 2. Nf3 Nf6 3. Nc3 d5 4.
exd5 Nxd5 5. Bb5+ Nc6 6. O-O Nxc3 7. bxc3 Bd7 8. d4 e6 9. Re1 Be7 10. Bf4 O-O 11. Bd3 cxd4 12. cxd4 Nb4 13. Be4 Nd5 14.
Bg3 Nc3 15. Qd3 Nxe4 16. Qxe4 Bc6 17. Qe3 Qd5 18. Qb3 Rfd8 19. c4 Qh5 20. d5 exd5 21.
Rxe7 dxc4 22. Qxc4 Bxf3 23. gxf3 Qxf3 24. Rae1 h5 25. h4 Rac8 26. Qb5 b6 27. Rxa7 Rd1 28. Re7 Rcc1 29. Qe8+ Kh7 30. Re3 Qd5 31. Re5 Qd2 32.
Rxh5+ Kg6 33. Qe4+ Kxh5 34. Qf5+ g5 35. Qxf7+ Kg4 36.
Qe6+ Kh5 37. Qe8+ Kg4 38. Qe4+ Kh5 39. Qh7+ Kg4 40. Qe4+ Kh5 41. Qh7+ Kg4 42. Qe4+ 1/2-1/2

[Event "Late-Titled-Tuesday-Blitz-January-16-2024"]
[Site "Chess.com"]
[Date "2024.01.16"]
[Round "4"]
[White "Cambek64"]
[Black "luis-garcia"]
[Result "1-0"]
[WhiteElo "2443"]
[BlackElo "2126"]
[TimeControl "180+1"]
[EndTime "14:36:39 PST"]
[Termination "Cambek64 won by resignation"]

1. e4 e6 2. d4 d5 3. Nd2 dxe4 4. Nxe4 Bd7 5. Nf3 Bc6 6. Bd3 Nd7 7. O-O Ngf6 8. Ng3 Bxf3 9. Qxf3 c6 10. Re1 Qa5 11. c3 Be7 12. a4 O-O 13. b4 Qd8 14. a5 a6 15. Ne4 Re8 16. Nc5 Bxc5 17. bxc5 e5 18. Bg5 exd4 19. cxd4 h6 20. Bh4 Qc7 21. Re3 Nd5 22. Re4 Rxe4 23. Qxe4 N7f6 24. Qf3 Re8 25. Bg3 Qd7 26. Be5 Qe7 27. h3 Nd7 28. Bd6 Qf6 29. Qxf6 N7xf6 30. Rb1 Nc3 31. Rxb7 Re1+ 32. Kh2 g6 33.
Be5 Ncd5 34. Bxa6 Ra1 35. Bc4 Rxa5 36. Bxd5 1-0

[Event "Late-Titled-Tuesday-Blitz-January-16-2024"]
[Site "Chess.com"]
[Date "2024.01.16"]
[Round "4"]
[White "Tejas_Rama"]
[Black "IPAchess"]
[Result "0-1"]
[WhiteElo "2560"]
[BlackElo "2382"]
[TimeControl "180+1"]
[EndTime "14:36:42 PST"]
[Termination "IPAchess won by resignation"]

1. d4 d5 2. c4 e6 3. Nf3 Nf6 4. Nc3 Bb4 5. cxd5 exd5 6. Bg5 h6 7. Bh4 O-O 8. e3 Bf5 9. Qb3 c5 10. Be2 Bxc3+ 11. bxc3 b6 12. Nd2 Nbd7 13. Bf3 c4 14. Qa3 g5 15. Bg3 Bd3 16. Qd6 Re8 17.
Bxd5 Nxd5 18. Qxd5 Qe7 19. h4 Nf6 20. Qd6 Qxd6 21.
Bxd6 g4 22. h5 Nd5 23. Rc1 Rad8 24. Be5 f6 25. Bg3 Nxe3 26. fxe3 Rxe3+ 27. Kf2 Re2+ 28. Kg1 Rxd2 29. Rh4 f5 30. Bf4 Rxa2 31. Bxh6 Be4 32. g3 Rg2+ 33. Kf1 Rxg3 34. Bg5 Rf3+ 35. Ke1 Re8 36.
Kd2 Bd3 37. Re1 Rf2+ 38. Kd1 Bc2+ 0-1

[Event "Late-Titled-Tuesday-Blitz-January-16-2024"]
[Site "Chess.com"]
[Date "2024.01.16"]
[Round "4"]
[White "Rgoltsman"]
[Black "annasargsyan_m"]
[Result "0-1"]
[WhiteElo "2186"]
[BlackElo "2576"]
[TimeControl "180+1"]
[EndTime "14:36:42 PST"]
[Termination "annasargsyan_m won by resignation"]

1. e4 c6 2. Nf3 d5 3. Nc3 Bg4 4. h3 Bxf3 5. Qxf3 Nf6 6. d4 dxe4 7. Nxe4 Nbd7 8. Bg5 Qa5+ 9. Bd2 Qb6 10. O-O-O e6 11. Bg5 Nxe4 12. Qxe4 Qa5 13. h4 Qxa2 14. Rh3 Qa1+ 15.
Kd2 Qxb2 16. Rb3 Qa2 17. Rxb7 Qa5+ 18. Ke3 Rc8 19. Qf4 f6 20. Rdb1 fxg5 21. hxg5 Qf5 22. Qg3 Be7 23. Rxd7 Kxd7 24. Rb7+ Ke8 25. f4 c5 26. Bd3 cxd4+ 27. Ke2 Qd5 28. Rxa7 g6 29. f5 exf5 30. Qe1 Qe5+ 0-1

[Event "Late-Titled-Tuesday-Blitz-January-16-2024"]
[Site "Chess.com"]
[Date "2024.01.16"]
[Round "4"]
[White "OparinGrigoriy"]
[Black "JSPrepz"]
[Result "0-1"]
[WhiteElo "3046"]
[BlackElo "2892"]
[TimeControl "180+1"]
[EndTime "14:36:45 PST"]
[Termination "JSPrepz won by resignation"]

1. Nf3 c5 2. g3 Nc6 3. c4 g6 4. Bg2 Bg7 5. Nc3 e6 6. b3 Nge7 7. Ba3 b6 8. O-O O-O 9. e3 d5 10. cxd5 Nxd5 11. Rc1 Ba6 12. Re1 Ndb4 13. d4 Nd3 14.
dxc5 Nxc1 15. Qxc1 bxc5 16. Bxc5 Re8 17. b4 Bb7 18. Ne4 Nxb4 19. Rd1 Nd3 20. Rxd3 Qxd3 21. Nd6 Bd5 22. e4 Reb8 23. Nd2 Bc3 24. Nb3 Bxb3 25.
Bf1 Qd2 26. Qxd2 Bxd2 27. axb3 Rxb3 28. e5 Bb4 29. Bd4 a5 30. Bc4 Rb1+ 31. Kg2 Rd1 32. Nb5 a4 0-1

[Event "Late-Titled-Tuesday-Blitz-January-16-2024"]
[Site "Chess.com"]
[Date "2024.01.16"]
[Round "4"]
[White "EsmeraldasAnderson03"]
[Black "Lion-Al-Messi"]
[Result "0-1"]
[WhiteElo "2394"]
[BlackElo "2603"]
[TimeControl "180+1"]
[EndTime "14:36:46 PST"]
[Termination "Lion-Al-Messi won by resignation"]

1. d4 d5 2. c4 c6 3. Nc3 Nf6 4. cxd5 cxd5 5. Bf4 Nc6 6. e3 Bg4 7. Nf3 e6 8. Bd3 Be7 9. h3 Bh5 10. O-O O-O 11. Rc1 Rc8 12. Ne2 Bxf3 13. gxf3 Bd6 14.
Bxd6 Qxd6 15. Kh1 e5 16. dxe5 Nxe5 17. Rxc8 Rxc8 18. Nd4 g6 19. f4 Nxd3 20. Qxd3 Ne4 21. Kg2 Qf6 22. f3 Nc5 23. Qd2 Ne6 24. Ne2 d4 25.
Nxd4 Nxd4 26. Qxd4 Qxd4 27. exd4 Rc4 28. Kf2 Rc2+ 29.
Ke3 Rxb2 30. Rc1 Rxa2 31. Rc8+ Kg7 32. d5 Kf6 33. Rc7 Ra3+ 34. Ke4 Ra4+ 35. Ke3 Rb4 36.
h4 Rb6 37. Ke4 a5 38. Rc5 Ra6 39. Rb5 a4 40. Rxb7 a3 41. Rb1 a2 42. Ra1 Ke7 43.
Ke5 f6+ 44. Kd4 Kd6 45. Kc4 h5 46. Kb5 Ra8 47. Kc4 f5 48. Kd4 Ra4+ 49. Kc3 Kxd5 50. Kb3 Ra8 51. Kc3 Kc5 52. Kd3 Kb4 53. Kc2 Kc4 54.
Kd2 Kb3 0-1

[Event "Late-Titled-Tuesday-Blitz-January-16-2024"]
[Site "Chess.com"]
[Date "2024.01.16"]
[Round "4"]
[White "PNEPaul"]
[Black "Felix-Rose"]
[Result "0-1"]
[WhiteElo "1909"]
[BlackElo "2234"]
[TimeControl "180+1"]
[EndTime "14:36:46 PST"]
[Termination "Felix-Rose won by resignation"]

1. e4 e5 2. Nf3 Nc6 3. Bc4 Nf6 4. d4 exd4 5. O-O Nxe4 6. Re1 d5 7. Bxd5 Qxd5 8. Nc3 Qd7 9. Nxe4 Be7 10. Bg5 O-O 11.
Bxe7 Qxe7 12. Ng3 Qb4 13. Qc1 Bg4 14. Ne5 Nxe5 15. Rxe5 Rae8 16. Rxe8 Rxe8 17. h3 Bd7 18. c3 dxc3 19. bxc3 Qh4 20. Qd2 Bc6 21. Re1 Rd8 22.
Qe3 g6 23. Qxa7 Qg5 24. Qe3 Qxe3 25. Rxe3 Rd1+ 26. Kh2 Rd2 27. Ne4 Rxa2 28. Nf6+ Kg7 29. Ne8+ Kf8 30. Nxc7 Rxf2 31. Rg3 h5 32. Na8 h4 33.
Rg4 Kg7 34. Nb6 f5 35. Rg5 Kh6 0-1

[Event "Late-Titled-Tuesday-Blitz-January-16-2024"]
[Site "Chess.com"]
[Date "2024.01.16"]
[Round "4"]
[White "ninguno46"]
[Black "Ticondriul"]
[Result "0-1"]
[WhiteElo "2554"]
[BlackElo "2733"]
[TimeControl "180+1"]
[EndTime "14:36:47 PST"]
[Termination "Ticondriul won by checkmate"]

1. d4 Nc6 2. Nf3 d5 3. Bf4 Bg4 4. e3 f6 5. Be2 Bxf3 6. Bxf3 e5 7. Bg3 e4 8. Be2 f5 9. c4 Nf6 10. Nc3 Bb4 11. O-O Bxc3 12. bxc3 O-O 13. Rb1 b6 14. cxd5 Nxd5 15. Bc4 Kh8 16. Qc2 Na5 17.
Be2 c5 18. c4 Nb4 19. Qc3 Nd3 20. dxc5 Nxc5 21. Rfd1 Qf6 22. Be5 Qg6 23. Bd6 Rfc8 24. Bg3 Nd3 25. Bxd3 exd3 26. Qxd3 Nxc4 27. Rbc1 b5 28. Qb3 a6 29. h3 Rc6 30. a4 bxa4 31.
Qxa4 Qe6 32. Qa2 Rac8 33. Ra1 a5 34. Rd4 h6 35. Rad1 a4 36. Rd8+ Kh7 37. Rxc8 Qxc8 38. Rd4 a3 39. h4 Qa6 40. h5 Qb5 41. Qc2 Nxe3 42. Qd2 Qf1+ 43. Kh2 Qxg2# 0-1

[Event "Late-Titled-Tuesday-Blitz-January-16-2024"]
[Site "Chess.com"]
[Date "2024.01.16"]
[Round "4"]
[White "vidavi"]
[Black "Caterpiller35"]
[Result "1-0"]
[WhiteElo "2486"]
[BlackElo "2618"]
[TimeControl "180+1"]
[EndTime "14:36:48 PST"]
[Termination "vidavi won by resignation"]

1. Nf3 Nf6 2. d4 e6 3. c4 Bb4+ 4. Bd2 Qe7 5. g3 Nc6 6. Nc3 d6 7. Bg2 O-O 8. O-O e5 9. d5 Nb8 10. a3 Bxc3 11. Bxc3 Ne4 12. Be1 Nd7 13. Rc1 b6 14.
Nd2 Nxd2 15. Bxd2 a5 16. e4 a4 17. f4 exf4 18. gxf4 f5 19. e5 Nc5 20. e6 c6 21. Rc3 b5 22. cxb5 cxb5 23. Be3 Ne4 24. Bxe4 fxe4 25. Qc2 b4 26. Rc7 Qf6 27. Qxe4 Qg6+ 28.
Qxg6 hxg6 29. Bd4 1-0

[Event "Late-Titled-Tuesday-Blitz-January-16-2024"]
[Site "Chess.com"]
[Date "2024.01.16"]
[Round "4"]
[White "babero_gordo"]
[Black "NovakRatko"]
[Result "0-1"]
[WhiteElo "1969"]
[BlackElo "2304"]
[TimeControl "180+1"]
[EndTime "14:36:53 PST"]
[Termination "NovakRatko won by resignation"]

1. e4 d5 2. exd5 c6 3. dxc6 Nxc6 4. Nc3 e5 5. Bb5 Bd6 6. Nf3 Ne7 7. d3 Bg4 8. h3 Bh5 9. g4 Bg6 10. Qe2 O-O 11.
h4 Nd4 12. Qd1 f5 13. Bc4+ Bf7 14. Bxf7+ Rxf7 15. Ng5 Rf6 16. gxf5 Rxf5 17. Be3 h6 18. Nge4 Nf3+ 19. Ke2 Nc6 20. Nxd6 Qxd6 21. Ne4 Qg6 22. Rh3 Qg2 23. Qh1 Ncd4+ 24. Bxd4 Nxd4+ 25. Kd2 Rxf2+ 26. Kc3 Rxc2+ 27. Kb4 Rxb2+ 28. Ka3 Nb5+ 29. Ka4 Qc2+ 30. Ka5 0-1

[Event "Late-Titled-Tuesday-Blitz-January-16-2024"]
[Site "Chess.com"]
[Date "2024.01.16"]
[Round "4"]
[White "Chempiblinka"]
[Black "agvega14"]
[Result "1-0"]
[WhiteElo "2298"]
[BlackElo "2125"]
[TimeControl "180+1"]
[EndTime "14:36:53 PST"]
[Termination "Chempiblinka won by resignation"]

1. Nf3 d5 2. g3 Nf6 3. Bg2 Bf5 4. c4 e6 5. O-O c6 6. cxd5 exd5 7. d3 h6 8. Nc3 Bh7 9. e4 dxe4 10. dxe4 Qxd1 11. Rxd1 Bc5 12. e5 Ng4 13. Nd4 O-O 14. f4 h5 15. h3 Nh6 16. Kh2 Na6 17. Be3 Rad8 18. Bf3 Bg6 19. Ne4 Bxd4 20. Bxd4 Nf5 21. Bc3 Nc7 22.
g4 hxg4 23. hxg4 Ne3 24. Rxd8 Rxd8 25. f5 Bh7 26. Nd6 b6 27. Re1 Ncd5 28. Bd2 Nc4 29. Nxc4 b5 30. Nd6 1-0

[Event "Late-Titled-Tuesday-Blitz-January-16-2024"]
[Site "Chess.com"]
[Date "2024.01.16"]
[Round "4"]
[White "topce"]
[Black "Championnn-9"]
[Result "0-1"]
[WhiteElo "2357"]
[BlackElo "2533"]
[TimeControl "180+1"]
[EndTime "14:36:55 PST"]
[Termination "Championnn-9 won by checkmate"]

1. c4 Nf6 2. Nc3 g6 3. e4 c5 4. Nf3 Nc6 5. d4 cxd4 6. Nxd4 d6 7. Be2 Bg7 8. Be3 O-O 9. O-O Nxd4 10. Bxd4 Be6 11. Rc1 Rc8 12. b3 Qa5 13. f3 Nd7 14.
Bxg7 Kxg7 15. Kh1 a6 16. f4 f6 17. Bd3 b5 18. f5 Bf7 19. Qe2 bxc4 20. Bxc4 Bxc4 21.
bxc4 Ne5 22. Nd5 Rfe8 23. Nf4 Qa4 24. Ne6+ Kg8 25. Qd2 g5 26. Qe2 Rxc4 27. Qh5 Nf7 28. Rce1 Rxe4 29. Rxe4 Qxe4 30. Kg1 Rc8 31. Qd1 Rc2 32.
Rf2 Rxf2 33. Kxf2 Qxf5+ 34. Kg1 Qxe6 35. Qa4 Qe1# 0-1